 Dungeon Crawl Stone Soup version 0.31.0-9-g3a7656b989 (webtiles) character file.

Game seed: 18265360616012093776

3546 Kenran the Grappler (level 9, 0/71 HPs)
             Began as a Demonspawn Fighter on Jan 30, 2024.
             Was a Follower of Uskayaw.
             Slain by a two-headed ogre
             ... wielding a +0 giant spiked club
              (20 damage)
             ... on level 8 of the Dungeon.
             The game lasted 00:13:43 (6526 turns).

Kenran the Grappler (Demonspawn Fighter)            Turns: 6526, Time: 00:13:44

Health: 0/71       AC: 11    Str: 20    XL:     9   Next: 83%
Magic:  11/11      EV: 10    Int:  8    God:    Uskayaw [*.....]
Gold:   565        SH: 10    Dex: 17    Spells: 8/8 levels left

rFire   . .          .
                       - Unarmed
rCold   . . .        b - +0 buckler
rNeg    + . .        i - +3 scale mail "Soborin" {Will+ rCorr Dex+3}
rPois   .            (no helmet)
rElec   .            (no cloak)
rCorr   +            v - +0 pair of gloves
SInv    .            (no boots)
Will    +....        t - amulet of reflection Stlth
                     C - ring of positive energy
HPRegen 0.31/turn    (no ring)
MPRegen 0.12/turn

%: reflection
@: lethally poisoned (0 -> -1), slowed, very slow
A: hooves 1, demonic guardian 3, ignite blood 1
a: Renounce Religion, Stomp


You were on level 8 of the Dungeon.
You worshipped Uskayaw.
Uskayaw was noncommittal.
You visited 1 branch of the dungeon, and saw 9 of its levels.
You also visited: Ossuary.

You collected 621 gold pieces.
You spent 56 gold pieces at shops.

Inventory:

Missiles
 d - 8 boomerangs (quivered)
Armour
 b - a +0 buckler (worn)
 i - the +3 scale mail "Soborin" (worn) {Will+ rCorr Dex+3}
   (You found it on level 3 of the Dungeon)

   Dex+3:     It affects your dexterity (+3).
   Will+:     It increases your willpower.
   rCorr:     It protects you from acid and corrosion.
 v - a +0 pair of gloves (worn)
Jewellery
 s - a ring of ice
 t - an amulet of reflection (around neck)
 C - a ring of positive energy (left hand)
Talismans
 g - a flux talisman
Wands
 x - a wand of charming (4)
 z - a wand of roots (19)
Scrolls
 e - a scroll of silence
 f - 6 scrolls of fog
 h - a scroll of enchant armour
 j - 3 scrolls of poison {!r}
 l - 2 scrolls of blinking
 m - 3 scrolls of teleportation
 r - 2 scrolls of fear
 y - 2 scrolls of revelation
 A - 2 scrolls of immolation {!r}
 B - 2 scrolls of enchant weapon
 D - 2 scrolls of acquirement {unknown}
Potions
 a - a potion of berserk rage {unknown}
 c - 3 potions of lignification {unknown}
 k - 6 potions of curing {@q1}
 n - a potion of magic {unknown}
 o - 2 potions of attraction {unknown}
 p - 3 potions of heal wounds {@q2}
 q - 2 potions of enlightenment {unknown}
 u - 3 potions of haste {unknown}
 w - 4 potions of might
 E - 2 potions of brilliance {unknown}


   Skills:
 + Level 6.4 Fighting
 + Level 4.6 Armour
 + Level 1.6 Dodging
 + Level 3.5 Shields
 + Level 10.6 Unarmed Combat
 + Level 3.9 Invocations


You had 8 spell levels left.
You didn't know any spells.
Your spell library contained the following spells:

 Spells                   Type           Power      Damage    Failure   Level
 Freeze                   Ice            0%         1d3       83%         1
 Magic Dart               Conj           0%         1d3       83%         1
 Slow                     Hex            0%         N/A       83%         1
 Blink                    Tloc           0%         N/A       92%         2
 Call Imp                 Summ           0%         N/A       92%         2
 Searing Ray              Conj           0%         2d4       92%         2
 Sublimation of Blood     Necr           0%         N/A       92%         2
 Confusing Touch          Hex            0%         N/A       99%         3
 Frozen Ramparts          Ice            0%         1d1       99%         3
 Hailstorm                Conj/Ice       0%         3d5       99%         3
 Inner Flame              Hex/Fire       0%         N/A       99%         3
 Sigil of Binding         Hex            0%         N/A       99%         3
 Vampiric Draining        Necr           0%         2d6       99%         3
 Flame Wave               Conj/Fire      0%         2d4       100%        4
 Fulminant Prism          Conj/Alch      0%         3d5       100%        4
 Sticky Flame             Fire/Alch      0%         2d4       100%        4
 Summon Hydra             Summ           0%         N/A       100%        7


Dungeon Overview and Level Annotations

Branches:
Dungeon (9/15)             Temple (0/1) D:6         Ossuary (visited)
   Lair: D:8-11         Orc: D:9-12

Altars:
Fedhas
Gozag
Kikubaaqudgha
Makhleb
Okawaru
Qazlal
Uskayaw

Shops:
D:6 *

Annotations:
D:2 exclusion: downstairs
D:3 1 runed translucent door, Crazy Yiuf


Innate Abilities, Weirdness & Mutations

You have large cloven feet.
A powerful demonic guardian rushes to your aid.
Your demonic aura sometimes causes spilled blood to erupt in flames.


Message History

You feel sick. You block the kobold's attack.
The kobold brigand hits you but does no damage.
Items here: $ ( )) ††.
You feel sick. The kobold attacks as it pursues you!
The kobold completely misses you.
The kobold brigand throws a curare-tipped dart.
You block the curare-tipped dart with an invisible shield... and reflect it back!
The curare-tipped dart hits the kobold brigand.
The kobold brigand is poisoned.
The kobold brigand struggles to breathe.
The kobold brigand seems to slow down.
The kobold brigand throws a curare-tipped dart.
The curare-tipped dart hits you.
You are more poisoned.
You have difficulty breathing.
You feel as though you will be slow longer.
The kobold hits you but does no damage.
You feel very sick.
The kobold throws a poisoned dart.
You block the poisoned dart with an invisible shield... and reflect it back!
The poisoned dart barely misses the kobold.
You can no longer pass through a line of other dancers.
You feel very sick.
You feel very sick. The troll attacks as it pursues you!
You block the troll's attack. The troll misses you.
The troll claws you but does no damage.
You feel sick. The troll attacks as it pursues you!
The troll closely misses you. You block the troll's attack.
The troll claws you! The troll closely misses you. The troll claws you.
A demonic guardian appears!
The troll barely misses you.
There is a stone staircase leading up, spattered with blood here.
You feel sick.
Your sixfirhy hits the kobold!
The kobold dies!
Your sixfirhy hits the troll!
Your sixfirhy shocks the troll!
Your sixfirhy hits the troll!
The troll dies!
You climb upwards.
You feel sick. The two-headed ogre closely misses you.
The two-headed ogre completely misses you.
The two-headed ogre hits you with a +0 giant spiked club!!
You die... ≣.≣≣≣≣≣.≣≣≣≣≣≣≣ ≣≣≣.^...........≣ ≣.......≣.≣≣≣≣≣.≣ .≣≣≣≣≣≣≣O≣≣≣≣≣.≣.≣≣...>≣≣≣≣≣≣ .........≣ ≣.≣............≣ .......))≣ ≣.≣≣≣.....≣≣≣≣.≣ ≣≣≣≣≣≣≣≣)≣

≣.≣ ≣.....≣ ≣.≣≣≣≣≣.≣
≣≣...≣≣
≣...O@..≣≣≣.≣.≣.≣≣
≣≣≣≣≣≣≣≣≣≣.≣≣.≣≣.≣≣≣.≣
≣............
≣.≣≣†≣≣.≣≣≣.≣
≣..≣.≣....
≣≣≣≣≣.≣...≣.≣≣≣
≣............≣≣≣
≣.≣≣≣.≣≣........
≣«≣≣.≣≣..≣≣≣


You could see a two-headed ogre.

Vanquished Creatures
  Jeremiah (D:6)
  A troll (D:5)
  Sigmund (D:3)
  A wyvern (D:7)
  Eustachio (D:6)
  3 vampire mosquitoes (D:8)
  A water moccasin (D:6)
  4 ice beasts
  2 black bears
  3 phantoms
  Blork the orc (D:4)
  2 bullfrogs
  A howler monkey (D:5)
  A gnoll bouda (D:6)
  4 hounds
  A bombardier beetle (D:4)
  A jelly (D:6)
  3 orc priests
  2 sleepcaps
  Terence (D:3)
  6 iguanas
  3 orc wizards
  3 human skeletons (D:6)
  8 mummies (Ossuary)
  3 gnolls (D:6)
  4 adders
  2 shadow imps
  A white imp (D:7)
  2 ufetubi (D:7)
  2 dart slugs
  23 orcs
  3 endoplasms
  3 gnoll zombies (Ossuary)
  2 goblins (D:2)
  4 hobgoblins
  7 jackals
  16 kobolds
  5 ball pythons
  A frilled lizard (D:2)
  3 hobgoblin zombies (Ossuary)
  3 orc skeletons (D:6)
  2 orc zombies (Ossuary)
  2 rats (D:2)
143 creatures vanquished.

Vanquished Creatures (collateral kills)
  A troll (D:9)
  An orc (D:6)
  A kobold (D:9)
3 creatures vanquished.

Grand Total: 146 creatures vanquished

Notes
Turn   | Place    | Note
-------+----------+-------------------------------------------
     0 | D:1      | Kenran the Demonspawn Fighter began the quest for the Orb.
     0 | D:1      | Reached XP level 1. HP: 18/18 MP: 1/1
   134 | D:1      | Reached skill level 2 in Unarmed Combat
   551 | D:1      | Found a faded altar of an unknown god.
   554 | D:1      | Prayed at the altar of an unknown god.
   554 | D:1      | Became a worshipper of Uskayaw the Reveller
   554 | D:1      | Reached * piety under Uskayaw
  1019 | D:2      | Gained mutation: You have large cloven feet. [demonic
                  | ancestry]
  1019 | D:2      | Reached XP level 2. HP: 21/24 MP: 2/2
  1026 | D:2      | Reached ** piety under Uskayaw
  1041 | D:2      | Reached skill level 3 in Unarmed Combat
  1064 | D:2      | Found a blossoming altar of Fedhas.
  1254 | D:2      | Gained mutation: A weak demonic guardian rushes to your
                  | aid. [demonic ancestry]
  1254 | D:2      | Reached XP level 3. HP: 28/29 MP: 3/3
  1499 | D:3      | Noticed Sigmund
  1636 | D:3      | Killed Sigmund
  1637 | D:3      | Reached skill level 5 in Unarmed Combat
  1637 | D:3      | Gained mutation: Your demonic aura sometimes causes spilled
                  | blood to erupt in flames. [demonic ancestry]
  1637 | D:3      | Reached XP level 4. HP: 25/35 MP: 4/4
  1637 | D:3      | Reached XP level 5. HP: 29/41 MP: 5/5
  1761 | D:3      | Found a burning altar of Makhleb.
  1831 | D:3      | Identified the +3 scale mail "Soborin" {Will+ rCorr Dex+3}
  1914 | D:3      | Found a runed translucent door.
  1915 | D:3      | Noticed Crazy Yiuf
  2051 | D:3      | Noticed Terence
  2062 | D:3      | Killed Terence
  2292 | D:4      | Noticed Blork the orc
  2465 | D:4      | Noticed a black bear
  2807 | D:4      | Reached XP level 6. HP: 44/47 MP: 6/6
  2856 | D:4      | Reached skill level 6 in Unarmed Combat
  3158 | D:4      | Killed Blork the orc
  3411 | D:5      | Entered Level 5 of the Dungeon
  3437 | D:5      | Reached skill level 7 in Unarmed Combat
  3437 | D:5      | Gained mutation: A demonic guardian rushes to your aid.
                  | [demonic ancestry]
  3437 | D:5      | Reached XP level 7. HP: 52/52 MP: 7/7
  3504 | D:5      | Reached *** piety under Uskayaw
  3506 | D:5      | Reached skill level 1 in Invocations
  3553 | D:5      | Noticed a troll
  3582 | D:5      | Killed a troll
  3587 | D:5      | Reached **** piety under Uskayaw
  3591 | D:5      | Reached ***** piety under Uskayaw
  3593 | D:5      | Reached XP level 8. HP: 42/60 MP: 10/10
  3640 | D:5      | Found a stormy altar of Qazlal.
  3645 | D:5      | Reached skill level 8 in Unarmed Combat
  3650 | D:5      | Found an opulent altar of Gozag.
  4004 | D:5      | Found an ancient bone altar of Kikubaaqudgha.
  4373 | D:6      | Found Cexaw's General Store.
  4451 | D:6      | Reached skill level 5 in Fighting
  4492 | D:6      | Bought a scroll of identify for 28 gold pieces
  4492 | D:6      | Bought a scroll of identify for 28 gold pieces
  4498 | D:6      | Noticed Eustachio
  4504 | D:6      | Killed Eustachio
  4505 | D:6      | Reached skill level 9 in Unarmed Combat
  4579 | D:6      | Found a staircase to the Ecumenical Temple.
  4607 | D:6      | Found a sand-covered staircase.
  4664 | Ossuary  | Entered an ossuary
  4687 | Ossuary  | Gained mutation: A powerful demonic guardian rushes to your
                  | aid. [demonic ancestry]
  4687 | Ossuary  | Reached XP level 9. HP: 68/68 MP: 11/11
  4847 | Ossuary  | Reached skill level 10 in Unarmed Combat
  5217 | D:6      | Noticed Jeremiah
  5247 | D:6      | Killed Jeremiah
  6243 | D:7      | Found an iron altar of Okawaru.
  6399 | D:8      | Reached skill level 1 in Dodging
  6491 | D:8      | Noticed a two-headed ogre
  6516 | D:9      | Noticed a troll
  6525 | D:9      | Killed a troll
  6526 | D:8      | Slain by a two-headed ogre

Illustrated notes

Levels and vault maps discovered:
D:1:      matt_arrival_refuge, layout_basic,
          shapermc_ecumenical_altar_mp_vishouse
D:2:      layout_basic, basic_altar, kennysheep_generic_room_4
D:3:      layout_basic, lemuel_doored_altar, serial_glass, glass_columns_a,
          glass_columns_a, uniq_terence, uniq_sigmund, uniq_crazy_yiuf_cottage
D:4:      layout_loops_corners, uniq_blork_the_orc
D:5:      layout_loops_ring, nicolae_gozag_seed_capital,
          nicolae_qazlal_eye_of_the_storm, mainiacjoe_overflow_paths,
          nrook_uturn, kennysheep_nondescript, kennysheep_pointless_box,
          minmay_chambers_of_fives
D:6:      layout_loops_cross, temple_statues, serial_shops, shop,
          nicolae_ossuary_entry_catacombs, kennysheep_another_room,
          uniq_jeremiah, uniq_eustachio
D:7:      layout_loops_ring, kennysheep_okawaru_gauntlet
D:8:      layout_loops_ring, kennysheep_little_box
D:9:      layout_loops_ring, zin_angel, erik_lair_island

Skill      XL: |  1  2  3  4  5  6  7  8  9 |
---------------+----------------------------+-----
Unarmed Combat | 2 3 5 7 9 10 | 10.6
Invocations    | 3 |  3.9
Armour         | 3 4 |  4.6
Shields        | 3 |  3.5
Fighting       | 4 5 6 |  6.4
Dodging        | 1 |  1.6

Action                     |  1- 3 |  4- 6 |  7- 9 || total
---------------------------+-------+-------+-------++-------
  Melee: Unarmed           |   105 |    78 |   304 ||   487
         Kick              |    14 |    26 |   111 ||   151
  Evoke: Wand              |       |     4 |     4 ||     8
    Use: Scroll            |     2 |     3 |     8 ||    13
         Potion            |     1 |       |     1 ||     2
   Stab: Paralysed         |       |       |    11 ||    11
 Armour: Scale mail        |    44 |    37 |   122 ||   203
  Dodge: Dodged            |    43 |    21 |    54 ||   118
  Block: Buckler           |    18 |    32 |   109 ||   159
         Reflection        |       |     1 |     4 ||     5
